 Dungeon Crawl Stone Soup version 0.21-a0-59-g7b0e191 (webtiles) character file.

12411 HAL9000 the Basher (level 11, -7/104 (105) HPs)
             Began as an Ogre Hunter on June 16, 2017.
             Mangled by Snorg (22 damage)
             ... on level 12 of the Dungeon.
             The game lasted 00:29:53 (14475 turns).

HAL9000 the Basher (Ogre Hunter)                   Turns: 14475, Time: 00:29:54

HP:   -7/104 (105)  AC: 10    Str: 20    XL:     11   Next: 92%
MP:   11/11         EV: 11    Int: 12    God:
Gold: 524           SH: 13    Dex: 10    Spells: 10/10 levels left

rFire    . . .     SeeInvis .   P - +2 morningstar (freeze)
rCold    . . .     Gourm    .   n - +2 shield
rNeg     + . .     Faith    .   T - +2 robe
rPois    .         Spirit   .   (helmet restricted)
rElec    .         Reflect  .   (no cloak)
rCorr    .         Harm     .   (gloves unavailable)
MR       +....                  (boots unavailable)
Stlth    +.........             (no amulet)
HPRegen  0.27/turn              p - ring of positive energy
MPRegen  0.12/turn              q - +5 ring of protection

@: about to teleport
A: unfitting armour, tough skin 1
a: no special abilities


You were on level 12 of the Dungeon.
You were not hungry.

You visited 1 branch of the dungeon, and saw 12 of its levels.

You collected 624 gold pieces.
You spent 100 gold pieces at shops.

Inventory:

Hand Weapons
 M - a cursed -3 giant spiked club
 P - a +2 morningstar of freezing (weapon)
Missiles
 c - 14 large rocks (quivered)
 d - 2 throwing nets
Armour
 n - a +2 shield (worn)
 T - a +2 robe (worn)
Jewellery
 g - an uncursed ring of protection from cold
 p - a ring of positive energy (left hand)
 q - a +5 ring of protection (right hand)
 R - the ring "Kaf Vuon" {*Tele rC+ Dex+2}
   (You found it on level 8 of the Dungeon)

   [ring of teleportation]

   It may teleport you next to monsters.
   It affects your dexterity (+2).
   It protects you from cold.
Wands
 b - a wand of iceblast (8/15)
 o - a wand of flame (13/48)
 v - a wand of flame (18/48)
 z - a wand of acid (9/15)
 B - a wand of flame (21/48)
 G - a wand of polymorph (9/24)
 I - a wand of random effects (31/48)
 N - a wand of acid (3/15)
 Q - a wand of clouds (3/9)
 Z - a wand of random effects (28/48)
Scrolls
 i - 3 scrolls of amnesia
 j - a scroll of fog
 k - a scroll of remove curse
 r - a scroll of identify
 s - 3 scrolls of blinking
 u - a scroll of fear
 w - a scroll of immolation {unknown}
 y - a scroll of teleportation
 H - 2 scrolls of random uselessness {unknown}
 K - 2 scrolls of enchant weapon {unknown}
 S - a scroll of holy word {unknown}
 V - 2 scrolls of acquirement {unknown}
 W - 2 scrolls of recharging {unknown}
 X - 2 scrolls of magic mapping {unknown}
Potions
 h - a potion of invisibility
 l - a potion of haste
 t - 2 potions of might
 A - a potion of agility
 C - 3 potions of curing
 D - 2 potions of flight
 E - a potion of lignification {unknown}
 J - 3 potions of berserk rage
 L - a potion of ambrosia {unknown}
 O - 3 potions of heal wounds
 U - a potion of magic {unknown}
Books
 e - a book of Frost

   Spells                             Type                      Level
   a - Freeze                         Ice                          1
   b - Throw Frost                    Conjuration/Ice              2
   c - Ozocubu's Armour               Charms/Ice                   3
   d - Throw Icicle                   Conjuration/Ice              4
   e - Summon Ice Beast               Ice/Summoning                4
Comestibles
 f - 8 bread rations
 m - a chunk of flesh
 x - 29 fruits
 F - 7 meat rations
 Y - 2 royal jellies


   Skills:
 + Level 5.7 Fighting
 + Level 13.1 Maces & Flails
 + Level 5.1 Throwing
 + Level 3.4 Dodging
 - Level 0.6 Stealth
 - Level 9.0 Shields


You had 10 spell levels left.
You didn't know any spells.

Dungeon Overview and Level Annotations

Branches:
Dungeon (12/15)              Lair (0/6) D:11            Orc (0/2) D:9
 Temple: D:4-7

Altars:
Ashenzari
Elyvilon
Fedhas
Gozag
Hepliaklqana
Makhleb
Ru
Uskayaw
Yredelemnul
Zin

Shops:
D:5 !

Annotations:
D:12 Snorg


Innate Abilities, Weirdness & Mutations

You are too large for most types of armour.
You have tough skin. (AC +1)


Message History

An orc comes into view.
Snorg goes berserk!
You hear a shout!
You block the adder's attack. Snorg bites you! Snorg claws you!
Snorg claws you. Snorg barely misses you. You block Snorg's attack.
Snorg claws you! Snorg bites you! Snorg barely misses you.
You block Snorg's attack. Snorg closely misses you. You block Snorg's attack.
Snorg claws you but does no damage. Snorg bites you! Snorg closely misses you.
Snorg claws you.
You hear a shout!
As you read the scroll of teleportation, it crumbles to dust.
You feel strangely unstable. You block Snorg's attack.
Snorg closely misses you. Snorg claws you but does no damage. Snorg bites you!!
* * * LOW HITPOINT WARNING * * *
Snorg closely misses you. You block Snorg's attack.
Unknown command.
Unknown command.
Snorg bites you!!
You die...

.. . ................
.................
#................
#................
#................
#............[...
#################................
..............ST@.........<......
###############..................
#..##############.. #..# #..#
#..# #..# #..# ...#


You could see Snorg (berserk) and an adder.

Vanquished Creatures
  A two-headed ogre (D:11)
  Pikel (D:7)
  2 cyclopes (D:11)
  A manticore (D:9)
  A kobold demonologist (D:10)
  3 trolls (D:11)
  A meliai zombie (D:10)
  2 hippogriffs
  The ghost of anet the Magician, an amateur DEWz (D:4)
  Sigmund (D:6)
  A water elemental (D:11)
  10 yaks
  A hungry ghost (D:11)
  Menkaure (D:6)
  Duvessa (D:4)
  2 black bears
  A phantom (D:10)
  2 orc warriors (D:11)
  4 ice beasts
  4 sky beasts
  An eye of draining (D:9)
  3 necrophages
  3 wolves (D:11)
  7 ogres
  4 centaurs
  9 big kobolds
  Blork the orc (D:6)
  7 bullfrogs
  Dowan (D:4)
  2 scorpions
  8 killer bees
  8 wights
  3 howler monkeys
  2 electric eels (D:11)
  2 bullfrog zombies (D:9)
  6 crimson imps
  A centaur zombie (D:11)
  A quasit (D:8)
  3 orc priests
  12 hounds
  3 jellies
  A centaur skeleton (D:4)
  9 orc wizards
  An iguana (D:8)
  Terence (D:3)
  5 worker ants
  2 hound zombies
  A hound skeleton (D:10)
  3 worker ant zombies
  A howler monkey zombie (D:9)
  2 gnolls (D:7)
  13 adders
  2 shadow imps
  2 oozes
  An adder zombie (D:6)
  2 adder skeletons
  5 worms
  2 dart slugs
  12 leopard geckos
  28 orcs
  4 ball pythons
  6 giant cockroaches
  9 goblins
  11 hobgoblins
  11 jackals
  9 quokkas
  14 bats
  5 frilled lizards
  14 kobolds
  A quokka skeleton (D:7)
  A quokka zombie (D:9)
  2 rats (D:3)
308 creatures vanquished.

Vanquished Creatures (others)
  A slave (D:7)
  A bullfrog (D:7)
  2 gnolls (D:7)
  An adder skeleton (D:7)
  A leopard gecko (D:7)
6 creatures vanquished.

Grand Total: 314 creatures vanquished

Notes
Turn   | Place    | Note
-------+----------+-------------------------------------------
     0 | D:1      | HAL9000 the Ogre Hunter began the quest for the Orb.
     0 | D:1      | Reached XP level 1. HP: 22/22 MP: 1/1
   258 | D:1      | Reached XP level 2. HP: 31/31 MP: 2/2
   292 | D:1      | Reached skill level 1 in Maces & Flails
  1149 | D:2      | Reached XP level 3. HP: 35/37 MP: 3/3
  1153 | D:2      | Reached skill level 2 in Maces & Flails
  1469 | D:2      | Reached XP level 4. HP: 35/45 MP: 4/4
  1586 | D:2      | Reached skill level 3 in Maces & Flails
  1721 | D:2      | Found a shattered altar of Ashenzari.
  1848 | D:2      | Found a sacrificial altar of Ru.
  2152 | D:2      | Reached XP level 5. HP: 49/53 MP: 5/5
  2341 | D:3      | Noticed Terence
  2372 | D:3      | Killed Terence
  2372 | D:3      | Reached skill level 4 in Maces & Flails
  2948 | D:3      | Reached XP level 6. HP: 57/61 MP: 6/6
  2953 | D:3      | Reached skill level 5 in Maces & Flails
  3233 | D:4      | Noticed anet's ghost (amateur DEWz)
  3268 | D:4      | Killed anet's ghost
  3268 | D:4      | Reached skill level 6 in Maces & Flails
  3268 | D:4      | Reached XP level 7. HP: 49/67 MP: 7/7
  3627 | D:4      | Noticed Duvessa
  3629 | D:4      | Noticed Dowan
  3638 | D:4      | Killed Duvessa
  3638 | D:4      | Reached skill level 7 in Maces & Flails
  3644 | D:4      | Killed Dowan
  3928 | D:4      | Reached skill level 8 in Maces & Flails
  3928 | D:4      | Reached XP level 8. HP: 44/75 MP: 8/8
  4322 | D:5      | Entered Level 5 of the Dungeon
  4826 | D:5      | Reached skill level 9 in Maces & Flails
  4843 | D:5      | Found Tivuepp's Distillery.
  4848 | D:5      | Bought a potion of heal wounds for 50 gold pieces
  4848 | D:5      | Bought a potion of heal wounds for 50 gold pieces
  5547 | D:6      | Found an opulent altar of Gozag.
  5548 | D:6      | Found a glowing silver altar of Zin.
  5700 | D:6      | Noticed Blork the orc
  5711 | D:6      | Noticed Sigmund
  5726 | D:6      | Reached skill level 1 in Shields
  5726 | D:6      | Reached XP level 9. HP: 64/82 MP: 9/9
  5750 | D:6      | Killed Sigmund
  5750 | D:6      | Reached skill level 10 in Maces & Flails
  5995 | D:6      | Killed Blork the orc
  6612 | D:6      | Noticed Menkaure
  6618 | D:6      | Killed Menkaure
  7164 | D:7      | Found a basalt altar of Yredelemnul.
  7165 | D:7      | Noticed Pikel
  7195 | D:7      | Killed Pikel
  7348 | D:7      | Found a blossoming altar of Fedhas.
  7357 | D:7      | Reached skill level 11 in Maces & Flails
  7358 | D:7      | Reached skill level 5 in Shields
  7786 | D:7      | Found a hide-covered altar of Uskayaw.
  7787 | D:7      | Found a hazy altar of Hepliaklqana.
  7905 | D:7      | Reached XP level 10. HP: 91/91 MP: 10/10
  9153 | D:8      | Got a slimy bronze ring
  9170 | D:8      | Identified the ring "Kaf Vuon" {*Tele rC+ Dex+2} (You found it on level 8 of the Dungeon)
  9177 | D:8      | Found a white marble altar of Elyvilon.
  9351 | D:9      | Found a staircase to the Orcish Mines.
  9352 | D:9      | Noticed a manticore
  9624 | D:9      | Killed a manticore
  9756 | D:9      | Found a burning altar of Makhleb.
  9909 | D:9      | Reached skill level 12 in Maces & Flails
 10135 | D:10     | Entered Level 10 of the Dungeon
 10602 | D:10     | Reached XP level 11. HP: 77/97 MP: 11/11
 12029 | D:11     | Noticed a cyclops
 12041 | D:11     | Killed a cyclops
 12236 | D:11     | Found a staircase to the Lair.
 12580 | D:11     | Noticed a two-headed ogre
 12588 | D:11     | Killed a two-headed ogre
 12764 | D:11     | Noticed a cyclops
 12770 | D:11     | Killed a cyclops
 12770 | D:11     | Reached skill level 5 in Fighting
 12770 | D:11     | Reached skill level 13 in Maces & Flails
 13275 | D:11     | Reached skill level 5 in Throwing
 14451 | D:12     | Noticed Snorg
 14475 | D:12     | Mangled by Snorg

Vault maps used:
D:1:      lightli_iron_boxes
D:2:      ashenzari_conservatory_becter, nicolae_ru_great_annihilating_truth
D:3:      kennysheep_generic_room_9, uniq_terence
D:4:      kennysheep_spiral_hall, first_bread, uniq_duvessa
D:5:      serial_shops, kennysheep_little_box
D:6:      grunt_temple_overflow_gold_and_silver, uniq_menkaure,
          uniq_blork_the_orc, uniq_sigmund
D:7:      yredelemnul_altar_generic, fedhas_altar_2,
          gammafunk_temple_overflow_statue, minmay_temple_entry_from_below_a,
          uniq_pikel
D:8:      elyvilon_altar_3
D:9:      nicolae_overflow_hidden_temple, orc_0_dummy, serial_undead,
          serial_undead_a, serial_undead_d, serial_undead_f, serial_undead_d,
          serial_undead_f, blue_anna_alchemist
D:10:     special_room
D:11:     erik_lair_island
D:12:     minmay_misc_feat_columns, uniq_azrael, uniq_snorg

Skill      XL: |  1  2  3  4  5  6  7  8  9 10 11 |
---------------+----------------------------------+-----
Fighting       | 3 5 |  5.7
Maces & Flails | 1 2 3 4 6 8 9 11 12 13 | 13.1
Shields        | 1 5 7 9 |  9.0
Dodging        | 3 |  3.4
Throwing       | 5 |  5.1
Stealth        | |  0.6

Action                   |  1- 3 |  4- 6 |  7- 9 | 10-12 || total
-------------------------+-------+-------+-------+-------++-------
Melee: Short sword       |    43 |       |       |       ||    43
       Dagger            |    68 |    20 |       |       ||    88
       Mace              |       |   161 |   109 |       ||   270
       Morningstar       |       |       |   183 |   591 ||   774
Throw: Large rock        |       |     3 |    20 |    10 ||    33
  Use: Scroll            |       |       |    10 |     5 ||    15
       Potion            |       |       |     1 |       ||     1
 Stab: Sleeping          |     1 |       |       |     1 ||     2
       Paralysed         |       |     2 |       |       ||     2
  Eat: Chunk             |     2 |     6 |    12 |    22 ||    42
       Royal jelly       |       |       |     1 |       ||     1
       Fruit             |       |       |       |     1 ||     1
Armor: Robe              |    60 |   121 |   108 |   188 ||   477
       Skin              |       |       |     1 |       ||     1
Dodge: Dodged            |    88 |   148 |   106 |   224 ||   566
Block: Shield            |       |       |    80 |   379 ||   459
